 Dungeon Crawl Stone Soup version 0.20.1-1-g8b1a95d (webtiles) character file.

45 Internecine the Chopper (level 3, -1/30 HPs)
             Began as a Hill Orc Skald on Oct 2, 2017.
             Slain by a hobgoblin
             ... wielding a +0 club
              (2 damage)
             ... on level 2 of the Dungeon.
             The game lasted 00:11:03 (1922 turns).

Internecine the Chopper (Hill Orc Skald)            Turns: 1922, Time: 00:11:04

Health: -1/30      AC:  3    Str: 13    XL:     3   Next: 64%
Magic:  5/5        EV: 12    Int: 13    God:
Gold:   57         SH:  0    Dex: 11    Spells: 4/5 levels left

rFire    . . .     SeeInvis .   m - -3 dagger (curse)
rCold    . . .     Gourm    .   (no shield)
rNeg     . . .     Faith    .   b - +0 leather armour
rPois    .         Spirit   .   (no helmet)
rElec    .         Reflect  .   (no cloak)
rCorr    .         Harm     .   (no gloves)
MR       .....                  (no boots)
Stlth    +.........             (no amulet)
Regen    0.1/turn               (no ring)
MPRegen  0.1/turn               (no ring)

@: no status effects
A: no striking features
a: no special abilities


You were on level 2 of the Dungeon.
You were hungry.

You visited 1 branch of the dungeon, and saw 2 of its levels.

You collected 57 gold pieces.

Inventory:

Hand Weapons
 a - a +0 hand axe
 e - a +0 hunting sling
 m - a cursed -3 dagger (weapon)
Missiles
 f - 40 stones (quivered)
 j - 19 bolts
Armour
 b - a +0 leather armour (worn)
Scrolls
 g - a scroll of recharging {unknown}
Potions
 h - a potion of magic {unknown}
 i - a potion of berserk rage {unknown}
 k - a potion of mutation {unknown}
 l - 3 potions of brilliance
Books
 c - a book of Battle

   Spells                             Type                      Level
   a - Infusion                       Charms                       1
   b - Shroud of Golubria             Charms/Translocation         2
   c - Song of Slaying                Charms                       2
   d - Spectral Weapon                Hexes/Charms                 3
   e - Regeneration                   Charms/Necromancy            3
Comestibles
 d - a bread ration
 n - a chunk of flesh


   Skills:
 + Level 2.8 Fighting
 + Level 3.6 Axes
 + Level 1.5 Armour
 + Level 2.0 Dodging
 + Level 1.6 Spellcasting
 + Level 2.9 Charms


You had 4 spell levels left.
You knew the following spells:

 Your Spells              Type           Power        Failure   Level  Hunger
a - Infusion              Chrm           #...         10%         1    ##.....


Dungeon Overview and Level Annotations

Branches:
Dungeon (2/15)

Altars:


Message History

* * * LOW HITPOINT WARNING * * *
You hit the hobgoblin but do no damage.
The hobgoblin is moderately wounded.
The hobgoblin misses you.
You closely miss the hobgoblin.
The hobgoblin is moderately wounded.
The hobgoblin barely misses you.
You barely miss the hobgoblin.
The hobgoblin is moderately wounded.
You hit the hobgoblin but do no damage.
The hobgoblin is moderately wounded.
The hobgoblin barely misses you.
You hit the hobgoblin but do no damage.
The hobgoblin hits you but does no damage.
You completely miss the hobgoblin. The hobgoblin hits you with a club.
* * * LOW HITPOINT WARNING * * *
You barely miss the hobgoblin. The hobgoblin hits you with a club.
* * * LOW HITPOINT WARNING * * *
You closely miss the hobgoblin. The hobgoblin hits you with a club.
You die...

# #.#.. ##. #.#..
....#.#.#########
#...............
#.....# ###.#.#.#
...#.#.#
###.###.#.#.#
(.....g@..#.#
.#..###.#.#.#
...###.# #####
#.# #.# #.#
#.############
#.............
#.############


You could see a hobgoblin.

Vanquished Creatures
  A dart slug (D:1)
  3 leopard geckos
  3 giant cockroaches
  6 goblins
  7 hobgoblins
  3 jackals (D:1)
  3 bats (D:1)
  A frilled lizard (D:1)
  2 kobolds
  6 rats (D:1)
35 creatures vanquished.

Notes
Turn   | Place    | Note
-------+----------+-------------------------------------------
     0 | D:1      | Internecine the Hill Orc Skald began the quest for the Orb.
     0 | D:1      | Reached XP level 1. HP: 18/18 MP: 3/3
     6 | D:1      | Noticed a water moccasin
     6 | D:1      | Noticed a polar bear
     6 | D:1      | Noticed a wolf
     7 | D:1      | Noticed a worker ant
   116 | D:1      | Reached XP level 2. HP: 5/25 MP: 4/4
   426 | D:1      | Reached skill level 3 in Axes
   873 | D:1      | Reached XP level 3. HP: 19/30 MP: 5/5
  1921 | D:2      | HP: 1/30 [hobgoblin/club (4)]
  1922 | D:2      | Slain by a hobgoblin

Skill      XL: |  1  2  3 |
---------------+----------+-----
Axes           | 3 |  3.6
Dodging        | 2 |  2.0
Fighting       | |  2.8
Armour         | |  1.5
Spellcasting   | |  1.6
Charms         | |  2.9

Action                   || total
-------------------------++-------
Melee: Hand axe          ||   109
       Dagger            ||   135
Throw: Stone             ||    50
  Use: Scroll            ||     2
  Eat: Chunk             ||     3
Armor: Leather armour    ||    46
Dodge: Dodged            ||   164
